 Dungeon Crawl Stone Soup version 0.27.1-3-gb3d3a73c9e (webtiles) character file.

Game seed: 15645559511018286867

42 cdecastro the Caller (level 3, -1/24 HPs)
             Began as a Merfolk Summoner on Oct 15, 2021.
             Slain by an orc (7 damage)
             ... on level 1 of the Dungeon.
             The game lasted 00:05:51 (2178 turns).

cdecastro the Caller (Merfolk Summoner)             Turns: 2178, Time: 00:05:51

Health: -1/24      AC:  2    Str:  9    XL:     3   Next: 56%
Magic:  3/6        EV: 12    Int: 14    God:
Gold:   18         SH:  0    Dex: 14    Spells: 3/6 levels left

rFire    . . .     SeeInvis .   a - +0 spear
rCold    . . .     Faith    .   (no shield)
rNeg     . . .     Spirit   .   e - +0 robe
rPois    .         Reflect  .   (no helmet)
rElec    .         Harm     .   (no cloak)
rCorr    .         Rampage  .   (no gloves)
Will     .....                  (no boots)
Stlth    ++........             (no amulet)
HPRegen  0.08/turn              (no ring)
MPRegen  0.10/turn              (no ring)

@: studying Polearms
A: (nimble swimmer 2), mertail
a: no special abilities


You were on level 1 of the Dungeon.
You visited 1 branch of the dungeon, and saw 2 of its levels.

You collected 18 gold pieces.

Inventory:

Hand Weapons
 a - a +0 spear (weapon)
 b - a +0 dagger
 i - a +2 whip of freezing
Missiles
 c - 51 stones
 g - 29 bolts
 h - 18 sling bullets
 j - 7 javelins
Armour
 e - a +0 robe (worn)
Potions
 d - a potion of magic {unknown}
 f - a potion of curing {unknown}


   Skills:
 * Level 2.9 Polearms
 - Level 2.6 Dodging
 - Level 2.1 Stealth
 - Level 2.0 Spellcasting
 + Level 5.0 Summonings


You had 3 spell levels left.
You knew the following spells:

 Your Spells              Type           Power      Damage    Failure   Level
a - Summon Small Mammal   Summ           60%        N/A       3%          1
b - Call Imp              Summ           15%        N/A       4%          2

Your spell library contained the following spells:

 Spells                   Type           Power      Damage    Failure   Level
 Call Canine Familiar     Summ           15%        N/A       9%          3
 Shock                    Conj/Air       4%         1d3       24%         1
 Summon Guardian Golem    Hex/Summ       8%         N/A       26%         3
 Corpse Rot               Necr/Air       N/A        N/A       34%         2
 Poisonous Vapours        Pois/Air       2%         N/A       34%         2
 Swiftness                Air            1%         N/A       56%         3
 Summon Lightning Spire   Summ/Air       8%         N/A       63%         4
 Airstrike                Air            0%         N/A       93%         4
 Freezing Cloud           Conj/Ice/Air   0%         6-21      100%        5


Dungeon Overview and Level Annotations

Branches:
Dungeon (2/15)

Altars:

Annotations:
D:2 Robin


Innate Abilities, Weirdness & Mutations

((You are quick and stealthy near water. (Stealth+, EV+, Speed+++)))
Your lower body shifts to a powerful aquatic tail in water.


Message History

Your bat hits the orc but does no damage.
Your bat barely misses the orc.
Your bat misses the orc. The orc hits your bat with a +0 mace.
Your bat dies!
Your bat's corpse disappears in a puff of smoke!
The orc shouts!
Casting: Summon Small Mammal (safe; 3% risk of failure)
Confirm with . or Enter, or press ? or * to list all spells.
The orc hits your rat with a +0 mace.
Your rat dies!
Your rat's corpse disappears in a puff of smoke!
Casting: Summon Small Mammal (safe; 3% risk of failure)
Confirm with . or Enter, or press ? or * to list all spells.
Your bat hits the orc. The orc hits your bat with a +0 mace.
Casting: Summon Small Mammal (safe; 3% risk of failure)
Confirm with . or Enter, or press ? or * to list all spells.
Your bat hits the orc but does no damage.
The orc misses your bat.
Your bat closely misses the orc.
The orc completely misses your bat.
Your bat barely misses the orc.
Your bat hits the orc but does no damage.
Your bat barely misses the orc.
Reach: a) +0 spear
Press: ? - help, Dir - move target, f - orc
Aim: an orc, wielding a +0 mace and wearing a +0 leather armour (severely wounded, ally target, about 38% to evade your +0 spear)
You hit the orc but do no damage.
The orc is severely wounded.
Your bat hits the orc but does no damage.
Your bat hits the orc. You completely miss the orc.
The orc is almost dead.
Your bat barely misses the orc.
The orc closely misses you.
Your bat barely misses the orc.
Unknown command.
You barely miss the orc.
The orc is almost dead.
Your bat closely misses the orc.
Your bat hits the orc but does no damage.
The orc hits you with a +0 mace!
You die...

#.# #. #.# #. #.# #. #.# #.
#.# #. #.# ####.
#########># ##.##.
#......o..########...#.
#####.##.b@.b............>.
#........#############...##
#.###..............# ##.##
#.# ##############.# ###
#.# #.# #.# #.# #.# #.#
##.## #.# ##.#.## #.#


You could see an orc (ally target) and 2 friendly bats.

Vanquished Creatures
  An orc (D:2)
  2 ball pythons
  2 bats (D:1)
  2 endoplasms (D:1)
  A giant cockroach (D:1)
  6 goblins
  6 hobgoblins
  A frilled lizard (D:1)
  A kobold (D:1)
  A rat (D:2)
23 creatures vanquished.

Vanquished Creatures (collateral kills)
  An adder (D:2)
  2 goblins (D:2)
  3 hobgoblins
  2 kobolds (D:1)
  2 rats (D:1)
10 creatures vanquished.

Grand Total: 33 creatures vanquished

Notes
Turn   | Place    | Note
-------+----------+-------------------------------------------
     0 | D:1      | cdecastro the Merfolk Summoner began the quest for the Orb.
     0 | D:1      | Reached XP level 1. HP: 13/13 MP: 3/3
   273 | D:1      | Reached XP level 2. HP: 19/19 MP: 5/5
  1763 | D:1      | Learned a level 2 spell: Call Imp
  1833 | D:2      | Reached skill level 1 in Polearms
  1833 | D:2      | Reached XP level 3. HP: 19/24 MP: 3/6
  1990 | D:2      | Noticed Robin
  2128 | D:2      | Reached skill level 5 in Summonings
  2129 | D:2      | Found a faded altar of an unknown god.
  2178 | D:1      | Slain by an orc

Illustrated notes

Levels and vault maps discovered:
D:1:      matt_arrival_los_fun, layout_loops_ring, minmay_misc_feat_columns
D:2:      layout_loops_ring, ebering_ecumenical_altar_box, serial_shops,
          nicolae_square_shop, uniq_robin

Skill      XL: |  1  2  3 |
---------------+----------+-----
Polearms       | 1 2 |  2.9
Summonings     | 5 |  5.0
Dodging        | |  2.6
Stealth        | |  2.1
Spellcasting   | |  2.0

Action                   || total
-------------------------++-------
Melee: Dagger            ||    81
       Spear             ||    52
 Cast: Summon Small Mamm ||    20
 Stab: Sleeping          ||     6
Armor: Robe              ||    10
Dodge: Dodged            ||    71
